 Dungeon Crawl Stone Soup version 0.20.0-15-g7f486f2 (webtiles) character file.

114 miragecloak the Cudgeler (level 5, -5/41 HPs)
             Began as a Formicid Abyssal Knight on June 29, 2017.
             Was a Follower of Lugonu.
             Splashed by a jelly's acid (7 damage)
             ... on level 3 of the Dungeon.
             The game lasted 00:02:05 (2904 turns).

miragecloak the Cudgeler (Formicid Abyssal Knight)  Turns: 2904, Time: 00:02:06

Health: -5/41      AC: -8    Str: 17    XL:     5   Next: 19%
Magic:  6/6        EV: 11    Int: 11    God:    Lugonu [*.....]
Gold:   48         SH:  0    Dex: 11    Spells: 4/4 levels left

rFire    . . .     SeeInvis +   a - +1 mace
rCold    . . .     Gourm    .   (no shield)
rNeg     . . .     Faith    .   b - +0 leather armour
rPois    .         Spirit   .   (helmet unavailable)
rElec    .         Reflect  .   (no cloak)
rCorr    .         Harm     .   (no gloves)
MR       .....                  (no boots)
Stlth    +.........             (no amulet)
Regen    0.2/turn               (no ring)
MPRegen  0.1/turn               (no ring)

@: corroded
A: permanent stasis, dig shafts and tunnels, four strong arms, antennae 3
a: Dig, Shaft Self, Depart the Abyss, Renounce Religion


You were on level 3 of the Dungeon.
You worshipped Lugonu.
Lugonu was aware of your devotion.
You were hungry.

You visited 1 branch of the dungeon, and saw 3 of its levels.
You visited the Abyss 1 time.

You collected 48 gold pieces.

Inventory:

Hand Weapons
 a - a +1 mace (weapon)
Armour
 b - a +0 leather armour (worn)
Scrolls
 e - a scroll of magic mapping {unknown}
 f - a scroll of remove curse {unknown}
 i - a scroll of identify {unknown}
 l - a scroll of amnesia {unknown}
Potions
 j - a potion of curing {unknown}
 m - a potion of haste {unknown}
Comestibles
 c - 2 bread rations
 d - a chunk of flesh
 g - 2 meat rations
 h - 2 fruits
 k - 3 royal jellies


   Skills:
 - Level 3.2 Fighting
 + Level 5.0 Maces & Flails
 - Level 2.1 Armour
 - Level 0.8 Dodging
 - Level 2.1 Invocations


You had 4 spell levels left.
You didn't know any spells.

Dungeon Overview and Level Annotations

Branches:
Dungeon (3/15)

Altars:
Dithmenos
Nemelex Xobeh
Uskayaw
Zin


Innate Abilities, Weirdness & Mutations

You cannot be hasted, slowed, berserked, paralysed or teleported.
You can dig through walls and to a lower floor.
Your four strong arms can wield two-handed weapons with a shield.
You have a pair of large antennae on your head. (SInv)


Message History

You hit the jelly.
Your hands burn!
The jelly is moderately wounded.
The jelly hits you. The acid corrodes you!
You are splashed with acid!
The acid burns!
The jelly hits you.
You are splashed with acid!
The acid burns!
You hit the jelly.
Your hands burn!
The jelly is moderately wounded.
The jelly hits you. The acid corrodes you!
You are splashed with acid!
The acid burns!
* * * LOW HITPOINT WARNING * * *
You barely miss the jelly.
The jelly is moderately wounded.
The jelly misses you.
You hit the jelly but do no damage.
Your hands burn!
* * * LOW HITPOINT WARNING * * *
The jelly is moderately wounded.
You are feeling hungry.
The jelly hits you.
* * * LOW HITPOINT WARNING * * *
The acid corrodes you!
You are splashed with acid!
The acid burns!
You die...

#.###.## #.#
#..# #.###..#
#......#
##.###.# #.#
#.# # #.# #.#
#.###.###.###
#..@J.......#
######....#.#
.....#
.......#
h........#
##.......##
##.....##
##?..##


You could see a jelly.

Vanquished Creatures
  6 adders (D:2)
  2 ball pythons
  4 giant cockroaches
  10 goblins
  5 hobgoblins
  9 jackals
  A quokka (D:2)
  4 bats
  2 frilled lizards
  9 kobolds
  7 rats
59 creatures vanquished.

Notes
Turn   | Place    | Note
-------+----------+-------------------------------------------
     0 | Abyss:1  | miragecloak the Formicid Abyssal Knight began the quest for the Orb.
     0 | Abyss:1  | Reached XP level 1. HP: 18/18 MP: 2/2
    59 | Abyss:1  | Found a corrupted altar of Lugonu.
    63 | D:1      | Escaped the Abyss
   223 | D:1      | Reached XP level 2. HP: 24/24 MP: 3/3
   274 | D:1      | Reached * piety under Lugonu
   455 | D:1      | Reached skill level 3 in Maces & Flails
   902 | D:2      | Reached XP level 3. HP: 29/29 MP: 4/4
  1240 | D:2      | Found a hide-covered altar of Uskayaw.
  1261 | D:2      | Reached skill level 4 in Maces & Flails
  1261 | D:2      | Reached XP level 4. HP: 13/35 MP: 5/5
  1659 | D:2      | Found a sparkling altar of Nemelex Xobeh.
  1754 | D:2      | Found a glowing silver altar of Zin.
  2006 | D:2      | HP: 1/35 [poisoned by an adder]
  2390 | D:2      | Found a shadowy altar of Dithmenos.
  2588 | D:2      | Reached XP level 5. HP: 10/41 MP: 6/6
  2900 | D:3      | Reached skill level 5 in Maces & Flails
  2904 | D:3      | HP: 2/41 [jelly (2)]
  2904 | D:3      | Splashed by a jelly's acid

Skill      XL: |  1  2  3  4  5 |
---------------+----------------+-----
Maces & Flails | 3 4 5 |  5.0
Fighting       | |  3.2
Armour         | |  2.1
Dodging        | |  0.8
Invocations    | |  2.1

Action                   |  1- 3 |  4- 6 || total
-------------------------+-------+-------++-------
Melee: Mace              |   103 |    83 ||   186
Invok: Depart the Abyss  |     1 |       ||     1
  Use: Potion            |       |     1 ||     1
  Eat: Chunk             |     1 |     5 ||     6
Armor: Leather armour    |    49 |    27 ||    76
Dodge: Dodged            |    78 |    41 ||   119
